 Dungeon Crawl Stone Soup version 0.26-a0-1181-gd376ed14c5 (webtiles) character file.

Game seed: 11942912432109340350

515 Mesmaeker13 the Bolt Thrower (level 7, -5/63 HPs)
             Began as a Deep Dwarf Hunter on Dec 26, 2020.
             Slain by an orc warrior
             ... wielding a +0 dire flail
              (20 damage)
             ... on level 5 of the Dungeon.
             The game lasted 00:05:16 (3487 turns).

Mesmaeker13 the Bolt Thrower (Deep Dwarf Hunter)    Turns: 3487, Time: 00:05:17

Health: -5/63      AC:  9    Str: 18    XL:     7   Next: 0%
Magic:  6/6        EV: 11    Int: 11    God:
Gold:   319        SH:  0    Dex: 13    Spells: 6/6 levels left

rFire    . . .     SeeInvis .   g - +0 war axe
rCold    + . .     Faith    .   (no shield)
rNeg     . . .     Spirit   .   q - +0 scale mail
rPois    +         Reflect  .   (no helmet)
rElec    .         Harm     .   t - +0 cloak
rCorr    .         Rampage  .   o - +0 pair of gloves
Will     +....                  s - +0 pair of boots
Stlth    ..........             (no amulet)
HPRegen  0.00/turn              r - ring of protection from cold
MPRegen  0.10/turn              m - ring of poison resistance

@: non-regenerating
A: damage resistance, heal wounds, sense surroundings 1, no regeneration
a: Heal Wounds


You were on level 5 of the Dungeon.
You visited 1 branch of the dungeon, and saw 5 of its levels.

You collected 319 gold pieces.

Inventory:

Hand Weapons
 a - a +1 hand crossbow
 g - a +0 war axe (weapon)
Missiles
 d - 24 bolts
 w - 10 poisoned darts
Armour
 o - a +0 pair of gloves (worn)
 q - a +0 scale mail (worn)
 s - a +0 pair of boots (worn)
 t - a +0 cloak (worn)
Jewellery
 b - an uncursed ring of resist corrosion
 m - a ring of poison resistance (right hand)
 r - a ring of protection from cold (left hand)
Scrolls
 c - 2 scrolls of magic mapping {unknown}
 h - 4 scrolls of teleportation
 n - 2 scrolls of fear {unknown}
 u - 2 scrolls of noise {unknown}
 x - 5 scrolls of remove curse
 y - a scroll of random uselessness {unknown}
Potions
 e - a potion of haste {unknown}
 f - a potion of resistance {unknown}
 i - a potion of invisibility {unknown}
 j - a potion of might {unknown}
 k - 2 potions of lignification {unknown}
 l - a potion of brilliance
 p - 3 potions of curing {unknown}
 v - 2 potions of ambrosia {unknown}
 z - a potion of heal wounds {unknown}


   Skills:
 + Level 3.7 Fighting
 + Level 3.7 Axes
 + Level 6.0 Crossbows
 + Level 0.8 Armour
 - Level 4.3 Dodging
 - Level 1.2 Stealth


You had 6 spell levels left.
You didn't know any spells.
Your spell library was empty.

Dungeon Overview and Level Annotations

Branches:
Dungeon (5/15)
 Temple: D:4-7

Altars:
Hepliaklqana
Kikubaaqudgha
Okawaru
Uskayaw
Xom


Innate Abilities, Weirdness & Mutations

You are resistant to damage.
You can heal yourself by infusing magical energy.
You passively map a small area around you.
You do not regenerate.


Message History

The bolt hits the orc warrior but does no damage.
The orc warrior is moderately wounded.
g - a +0 war axe (weapon)
The orc warrior hits you with a +0 dire flail!
You hit the orc warrior.
The orc warrior is moderately wounded.
The orc warrior hits you with a +0 dire flail.
You barely miss the orc warrior.
The orc warrior is moderately wounded.
The orc warrior hits you with a +0 dire flail!
* * * LOW HITPOINT WARNING * * *
You closely miss the orc warrior.
The orc warrior is moderately wounded.
The orc warrior hits you with a +0 dire flail.
* * * LOW HITPOINT WARNING * * *
You closely miss the orc warrior.
The orc warrior is moderately wounded.
The orc warrior hits you with a +0 dire flail.
The orc warrior hits you with a +0 dire flail!!
You die...

.#
##..(#########
## #..## ###..#
#...## #########
#
########.......#
**8 ##8#.......#
, , ...........#
, ,...........#
, ........@..# ,
* #8###.o#### ,
* #.(## 8 #.##
,, ##(# * ##..#
, #..## ,, #<##
# #.#


You could see an orc warrior.

Vanquished Creatures
  An ogre (D:4)
  A scorpion (D:4)
  An orc priest (D:4)
  2 centaur skeletons
  2 iguanas
  2 orc wizards (D:4)
  2 worker ants
  4 gnolls (D:4)
  A howler monkey skeleton (D:4)
  3 adders
  An ooze (D:1)
  A dart slug (D:1)
  2 leopard geckos
  3 orcs
  5 giant cockroaches
  8 goblins
  5 hobgoblins
  3 jackals (D:2)
  2 quokkas
  6 bats
  2 frilled lizards
  4 kobolds
  5 rats
66 creatures vanquished.

Notes
Turn   | Place    | Note
-------+----------+-------------------------------------------
     0 | D:1      | Mesmaeker13 the Deep Dwarf Hunter began the quest for the
                  | Orb.
     0 | D:1      | Reached XP level 1. HP: 19/19 MP: 1/1
   426 | D:1      | Reached XP level 2. HP: 23/26 MP: 2/2
   622 | D:1      | Reached skill level 1 in Axes
   888 | D:2      | Reached XP level 3. HP: 13/32 MP: 3/3
  1195 | D:2      | Found a shimmering altar of Xom.
  1203 | D:2      | Found a shimmering altar of Xom.
  1906 | D:3      | Reached XP level 4. HP: 24/40 MP: 4/4
  2220 | D:4      | Found a hide-covered altar of Uskayaw.
  2273 | D:4      | Reached skill level 5 in Crossbows
  2284 | D:4      | Reached XP level 5. HP: 20/48 MP: 5/5
  2417 | D:4      | Found a hazy altar of Hepliaklqana.
  2557 | D:4      | Found an ancient bone altar of Kikubaaqudgha.
  2592 | D:4      | Reached XP level 6. HP: 43/56 MP: 5/5
  2728 | D:4      | Found an iron altar of Okawaru.
  3204 | D:5      | Entered Level 5 of the Dungeon
  3400 | D:5      | Reached skill level 6 in Crossbows
  3400 | D:5      | Reached XP level 7. HP: 20/63 MP: 6/6
  3487 | D:5      | Slain by an orc warrior

Illustrated notes

Levels and vault maps discovered:
D:1:      dpeg_arrival_stone_temple_mockup, layout_loops_corners
D:2:      layout_rooms, xom_redecorated
D:3:      layout_loops_corners
D:4:      layout_basic, lemuel_crystal_altar, okawaru_metal_pillars_3,
          chequers_temple_overflow_statue_of_worship, grunt_decor_mini_mirrors
D:5:      layout_rooms, corexii_hall_statues_l

Skill      XL: |  1  2  3  4  5  6 |
---------------+-------------------+-----
Fighting       | 2 3 |  3.7
Axes           | 1 2 3 |  3.7
Dodging        | 3 4 |  4.3
Crossbows      | 5 6 |  6.0
Armour         | |  0.8
Stealth        | |  1.2

Action                   |  1- 3 |  4- 6 |  7- 9 || total
-------------------------+-------+-------+-------++-------
Melee: Hand axe          |    75 |       |       ||    75
       War axe           |       |    38 |     4 ||    42
 Fire: Hand crossbow     |    61 |    43 |     4 ||   108
 Abil: Heal Wounds       |     1 |     2 |     1 ||     4
  Use: Scroll            |     3 |     1 |       ||     4
Armor: Leather armour    |    21 |       |       ||    21
       Scale mail        |    34 |    18 |       ||    52
Dodge: Dodged            |    74 |    21 |       ||    95

Table legend: (Time is in decaauts)
 A = Elapsed time spent in this place.
 B = Non-inter-level travel time spent in this place.
 C = Inter-level travel time spent in this place.
 D = Time resting spent in this place.
 E = Time spent auto-exploring this place.
 F = Levels seen in this place.
 G = Mean time per level.
                   A        B        C        D        E       F      G
               +--------+--------+--------+--------+--------+-----+--------+
         Total |   3534 |   3318 |    216 |    338 |   2389 |   5 |  706.8 |
       Dungeon |   3534 |   3318 |    216 |    338 |   2389 |   5 |  706.8 |
               +--------+--------+--------+--------+--------+-----+--------+

Top non-repeatable levels by time:
     D:4: 1087 daAuts
     D:1: 884 daAuts
     D:3: 819 daAuts
     D:2: 539 daAuts
     D:5: 203 daAuts
